 Dungeon Crawl Stone Soup version 0.29-a0-266-gf56f883ddd (webtiles) character file.

Game seed: 15089333383742238801

209 spaghetti the Skirmisher (level 5, -6/48 HPs)
             Began as a Demigod Gladiator on Mar 7, 2022.
             Mangled by a yak (9 damage)
             ... on level 4 of the Dungeon.
             The game lasted 00:04:10 (3671 turns).

spaghetti the Skirmisher (Demigod Gladiator)        Turns: 3671, Time: 00:04:11

Health: -6/48      AC:  7    Str: 19    XL:     5   Next: 30%
Magic:  7/7        EV: 12    Int: 10    God:
Gold:   119        SH:  0    Dex: 15    Spells: 4/4 levels left

rFire   . . .      SeeInvis .   a - +0 quarterstaff (freeze) {staff}
rCold   . . .      Faith    .   (shield currently unavailable)
rNeg    . . .      Spirit   .   s - +0 leather armour
rPois   .          Reflect  .   c - +1 helmet
rElec   .          Harm     .   k - +0 cloak
rCorr   .          Rampage  .   o - +0 pair of gloves
Will    +....                   (no boots)
Stlth   +.........              (no amulet)
HPRegen 0.16/turn               q - ring of willpower
MPRegen 0.10/turn               (no ring)

@: no status effects
A: high MP 1, forlorn, divine attributes
a: no special abilities


You were on level 4 of the Dungeon.
You visited 1 branch of the dungeon, and saw 4 of its levels.

You collected 119 gold pieces.


Innate Abilities, Weirdness & Mutations

You have an increased reservoir of magic. (+10% MP)
You shall have no god before yourself.
Your divine heritage dramatically boosts your attributes as you level up.


   Skills:
 + Level 5.4 Fighting
 - Level 2.6 Staves
 - Level 1.7 Throwing
 - Level 2.6 Dodging


You had 4 spell levels left.
You didn't know any spells.
Your spell library contained the following spells:

 Spells                   Type           Power      Damage    Failure   Level
 Gell's Gravitas          Tloc           0%         N/A       80%         3
 Inner Flame              Hex/Fire       0%         N/A       80%         3
 Teleport Other           Tloc           0%         N/A       80%         3
 Cause Fear               Hex            0%         N/A       99%         4
 Dispersal                Tloc           0%         N/A       100%        6
 Discord                  Hex            0%         N/A       100%        8

Inventory:

Hand Weapons
 a - a +0 quarterstaff of freezing (weapon) {staff}
 b - a +0 shortbow of flaming {bow}
   (You took it off a centaur on level 3 of the Dungeon)
Missiles
 d - 3 throwing nets {=f!fthrowing}
 e - a javelin {throwing}
 f - 83 stones (quivered) {throwing}
 i - 7 curare-tipped darts {=fthrowing}
Armour
 c - a +1 helmet (worn)
 k - a +0 cloak (worn)
   (You found it on level 2 of the Dungeon)
 o - a +0 pair of gloves (worn)
   (You found it on level 2 of the Dungeon)
 s - a +0 leather armour (worn)
Jewellery
 q - a ring of willpower (left hand)
   (You found it on level 3 of the Dungeon)
Scrolls
 h - a scroll of torment {!r}
 j - a scroll of blinking {!r}
 m - a scroll of immolation {unknown}
 n - a scroll of amnesia
Potions
 g - a potion of invisibility
 l - 3 potions of curing {unknown}
 p - a potion of might {unknown}
 r - 2 potions of haste {unknown}

Dungeon Overview and Level Annotations

Branches:
Dungeon (4/15)
 Temple: D:4-7

Annotations:
D:3 3 runed translucent doors, sammy202020's ghost, amateur NaFi

#....>. #.....# #.....#
#.....# #.....# #.....#
#####.....# #.........#
#.....@Y..# #.....YY..#
##########........)#
#.................)).....
#.########.....#####...).
#.# #.....# .### #.#
#.....# # #.# #.....# #.#
#.....#


You could see 3 yaks.


Message History

You hit the hobgoblin. You freeze the hobgoblin.
The hobgoblin hits you but does no damage.
The orc closely misses you.
You barely miss the hobgoblin. The hobgoblin misses you.
The orc barely misses you.
You completely miss the hobgoblin. The hobgoblin completely misses you.
The orc hits you but does no damage.
You hit the hobgoblin. You freeze the hobgoblin.
You kill the hobgoblin!
The orc hits you but does no damage.
You closely miss the orc. The orc closely misses you.
The orc hits you with a +0 short sword. 😕 HP[-3]
You take 3 damage, and now have 45/48 hp.
You closely miss the orc. The orc barely misses you.
You hit the orc but do no damage.
The orc hits you with a +0 short sword. 😕 HP[-1]
You take 1 damage, and now have 44/48 hp.
You hit the orc. You freeze the orc. The orc completely misses you.
You closely miss the orc. The orc barely misses you.
You hit the orc. You freeze the orc.
You kill the orc!
No target in view!
No target in view!
No target in view!
No target in view!
No target in view!
No target in view!
No target in view!
No target in view!
No target in view!
No target in view!
No target in view!
No target in view!
A yak comes into view. 😕 HP[+3]
You regained 3 hp, and now have 47/48 hp.
A yak is nearby!
Your +0 quarterstaff of freezing {staff} stops glowing.
Your +0 shortbow of flaming {bow} bursts into flame!
b - a +0 shortbow of flaming (weapon)
{bow} You shoot an arrow.
The arrow hits the yak!
The arrow burns the yak. 😎 HP[+1]
Your hp is fully restored (48).
You shoot an arrow.
The arrow hits the yak but does no damage.
You shoot an arrow.
The arrow hits the yak but does no damage.
Your +0 shortbow of flaming {bow} stops flaming.
Your +0 quarterstaff of freezing {staff} glows with a cold blue light!
a - a +0 quarterstaff of freezing (weapon)
{staff} You hit the yak but do no damage.
A yak comes into view.
The yak misses you.
The yak bellows!
You hit the yak. You freeze the yak.
A yak comes into view.
The yak closely misses you.
You hit the yak but do no damage. The yak gores you but does no damage.
You hit the yak. You freeze the yak. The yak gores you.
The yak gores you but does no damage. 😕 HP[-2]
You take 2 damage, and now have 46/48 hp.
You sock the yak! You freeze the yak. The yak misses you.
You hit the yak. You freeze the yak. The yak closely misses you.
The yak gores you. 😕 HP[-5]
You take 5 damage, and now have 41/48 hp.
You barely miss the yak. The yak gores you! 😮 HP[-7]
You take 7 damage, and now have 34/48 hp.
You are too injured to fight recklessly!
You are too injured to fight recklessly!
You are too injured to fight recklessly!
You are too injured to fight recklessly!
You are too injured to fight recklessly!
You are too injured to fight recklessly!
You are too injured to fight recklessly!
Unknown command.
You barely miss the yak. The yak barely misses you. x2 😮 HP[+1]
You closely miss the yak. The yak misses you.
The yak gores you but does no damage. The yak gores you!
* * * LOW HITPOINT WARNING * * *
😨 HP[-13]
You take 13 damage, and now have 22/48 hp.
MASSIVE DAMAGE!! (PAUSE)
The yak attacks as you move away! The yak gores you!
* * * LOW HITPOINT WARNING * * *
😨 HP[-7]
You take 7 damage, and now have 15/48 hp.
The yak attacks as you move away! The yak gores you.
* * * LOW HITPOINT WARNING * * *
The yak attacks as you move away!
The yak gores you but does no damage. 😱 HP[-3]
You take 3 damage, and now have 12/48 hp.
The yak attacks as you move away! The yak gores you!
* * * LOW HITPOINT WARNING * * *
The yak attacks as you move away! The yak gores you!
You die...

Skill      XL: |  1  2  3  4 |
---------------+-------------+-----
Fighting       | 2 3 4 5 |  5.4
Staves         | |  2.6
Throwing       | |  1.7
Dodging        | |  2.6

Action                   |  1- 3 |  4- 6 || total
-------------------------+-------+-------++-------
Melee: Quarterstaff      |   146 |    40 ||   186
 Fire: Shortbow          |       |    12 ||    12
Throw: Stone             |    15 |       ||    15
  Use: Scroll            |     6 |     3 ||     9
 Stab: Sleeping          |     1 |       ||     1
Armor: Leather armour    |    62 |    19 ||    81
Dodge: Dodged            |   125 |    33 ||   158

Levels and vault maps discovered:
D:1:      amcnicky_arrival_gap_in_the_tavern_cellar, layout_loops_ring,
          chequers_ecumenical_altar_lobes, minmay_lizard_pond
D:2:      layout_loops_corners, minivault_11
D:3:      layout_rooms, gammafunk_ghost_nasty_kobolds
D:4:      layout_basic, mainiacjoe_overflow_catwalk,
          minmay_temple_entry_glassed_door, minivault_23

Notes
Turn   | Place    | Note
-------+----------+-------------------------------------------
     0 | D:1      | spaghetti the Demigod Gladiator began the quest for the
                  | Orb.
     0 | D:1      | Reached XP level 1. HP: 17/17 MP: 3/3
     0 | D:1      | magus.rc [v1.9.6]
    81 | D:1      | Reached skill level 2 in Fighting
   414 | D:1      | Reached XP level 2. HP: 24/25 MP: 4/4
   696 | D:1      | Reached skill level 3 in Fighting
  1204 | D:2      | You add the spells Gell's Gravitas, Teleport Other and
                  | Dispersal to your library.
  1565 | D:2      | Reached XP level 3. HP: 30/31 MP: 5/5
  2511 | D:2      | You pick up a book of Hexes and begin reading...
  2511 | D:2      | You add the spells Inner Flame, Cause Fear and Discord to
                  | your library.
  2844 | D:3      | Reached skill level 4 in Fighting
  3003 | D:3      | Reached XP level 4. HP: 24/40 MP: 6/6
  3161 | D:3      | Noticed a centaur
  3164 | D:3      | Found a runed translucent gate.
  3165 | D:3      | Found a runed translucent gate.
  3165 | D:3      | Noticed sammy202020's ghost (amateur NaFi)
  3166 | D:3      | Found a runed translucent gate.
  3167 | D:3      | Noticed a kobold brigand
  3169 | D:3      | Killed a centaur
  3170 | D:3      | Reached skill level 5 in Fighting
  3170 | D:3      | Reached XP level 5. HP: 38/48 MP: 7/7
  3654 | D:4      | Noticed a yak
  3660 | D:4      | Noticed a yak
  3661 | D:4      | Noticed a yak
  3670 | D:4      | HP: 12/48 [yak (3)]
  3671 | D:4      | HP: 3/48 [yak (9)]
  3671 | D:4      | Mangled by a yak

Vanquished Creatures
  A centaur (D:3)
  An iguana (D:4)
  2 adders
  A worm (D:3)
  A dart slug (D:1)
  8 orcs
  3 endoplasms
  5 giant cockroaches
  9 hobgoblins
  5 kobolds
  5 quokkas
  A ball python (D:1)
  6 bats
  6 frilled lizards (D:1)
  8 goblins
  5 rats
67 creatures vanquished.

Table legend:
 A = Non-vault XP
 B = Vault XP
 C = Vault XP percentage of total XP
 D = Non-vault monster count
 E = Vault monster count
 F = Vault count percentage of total count
                 A         B        C        D         E       F
            +---------+---------+-------+---------+---------+-------
      Total |     295 |       4 |   1.3 |      63 |       4 |   6.0
            +---------+---------+-------+---------+---------+-------
        D:1 |      34 |       4 |  10.5 |      20 |       4 |  16.7
        D:2 |      41 |       0 |   0.0 |      16 |       0 |   0.0
        D:3 |     162 |       0 |   0.0 |      17 |       0 |   0.0
        D:4 |      58 |       0 |   0.0 |      10 |       0 |   0.0
            +---------+---------+-------+---------+---------+-------

Illustrated notes

Table legend:
 A = Kills in this place as a percentage of kills in entire the game.
 B = Kills by you in this place as a percentage of kills by you in the entire game.
 C = Kills by friends in this place as a percentage of kills by friends in the entire game.
 D = Other kills in this place as a percentage of other kills in the entire game.
 E = Experience gained in this place as a percentage of experience gained in the entire game.
 F = Experience gained in this place divided by the number of levels of this place that you have seen.
                   A       B       C       D       E      F
               +-------+-------+-------+-------+-------+----------------------
         Total | 100.0 | 100.0 |   N/A |   N/A | 100.0 |  74.8
       Dungeon | 100.0 | 100.0 |   N/A |   N/A | 100.0 |  74.8
               +-------+-------+-------+-------+-------+----------------------

Table legend: (Time is in decaauts)
 A = Elapsed time spent in this place.
 B = Non-inter-level travel time spent in this place.
 C = Inter-level travel time spent in this place.
 D = Time resting spent in this place.
 E = Time spent auto-exploring this place.
 F = Levels seen in this place.
 G = Mean time per level.
                   A        B        C        D        E       F      G
               +--------+--------+--------+--------+--------+-----+--------+
         Total |   3704 |   3466 |    238 |    513 |   2454 |   4 |  926.0 |
       Dungeon |   3704 |   3466 |    238 |    513 |   2454 |   4 |  926.0 |
               +--------+--------+--------+--------+--------+-----+--------+

Top non-repeatable levels by time:
     D:2: 1504 daAuts
     D:1: 1155 daAuts
     D:3: 751 daAuts
     D:4: 292 daAuts
